 Dungeon Crawl Stone Soup version 0.28-a0-1130-gc51a68064b (webtiles) character file.

Game seed: 6962361100836208876

189 ducksouse the Ruffian (level 5, -4/42 HPs)
             Began as a Draconian Transmuter on Dec 12, 2021.
             Was a Believer of Cheibriados.
             Slain by Crazy Yiuf (5 damage)
             ... on level 3 of the Dungeon.
             The game lasted 00:10:59 (3467 turns).

ducksouse the Ruffian (Draconian Transmuter)        Turns: 3467, Time: 00:11:00

Health: -4/42      AC:  5    Str: 26    XL:     5   Next: 40%
Magic:  6/9        EV: 18    Int: 18    God:    Cheibriados [**....]
Gold:   81         SH:  0    Dex: 16    Spells: 5/9 levels left

rFire   . . .      SeeInvis .   c - +2 dagger (holy)
rCold   . . .      Faith    .   (no shield)
rNeg    . . .      Spirit   .   (armour unavailable)
rPois   .          Reflect  .   (helmet currently unavailable)
rElec   .          Harm     .   (no cloak)
rCorr   .          Rampage  .   (no gloves)
Will    .....                   (boots currently unavailable)
Stlth   +.........              (no amulet)
HPRegen 0.14/turn               f - +6 ring of strength
MPRegen 0.11/turn               (no ring)

@: agile, lethally poisoned (-4 -> -14), appendages, wereblooded, very slow
A: horns 2, talons 2, AC +5, unfitting armour, cold-blooded
a: End Transformation, Renounce Religion, Bend Time


You were on level 3 of the Dungeon.
You worshipped Cheibriados.
Cheibriados was pleased with you.
You had temporarily grown beastly horns and talons.
You visited 1 branch of the dungeon, and saw 3 of its levels.

You collected 81 gold pieces.

Inventory:

Hand Weapons
 c - a +2 dagger of holy wrath (weapon)
 o - a +0 short sword
Missiles
 m - 2 javelins (quivered)
 p - 5 boomerangs
Armour
 b - a +0 helmet
 e - a +0 ring mail
Magical Staves
 a - a staff of poison
Jewellery
 f - a +6 ring of strength (left hand)
Scrolls
 i - 2 scrolls of noise
 l - a scroll of teleportation {unknown}
Potions
 d - a potion of brilliance {unknown}
 g - 2 potions of haste
 h - 2 potions of magic {unknown}
 j - 2 potions of ambrosia {unknown}
 k - 2 potions of flight
 n - a potion of resistance {unknown}
 q - a potion of degeneration {unknown}


   Skills:
 + Level 2.7 Fighting
 + Level 2.7 Dodging
 + Level 3.7 Unarmed Combat
 + Level 2.9 Spellcasting
 + Level 3.1 Transmutations


You had 5 spell levels left.
You knew the following spells:

 Your Spells              Type           Power      Damage    Failure   Level
a - Beastly Appendage     Tmut           26%        N/A       4%          1
b - Wereblood             Tmut           13%        N/A       7%          2
c - Sting                 Tmut/Pois      32%        1d4       9%          1

Your spell library contained the following spells:

 Spells                   Type           Power      Damage    Failure   Level
 Poisonous Vapours        Pois/Air       4%         N/A       26%         2
 Spider Form              Tmut/Pois      8%         N/A       26%         3
 Ice Form                 Ice/Tmut       8%         N/A       65%         4
 Olgreb's Toxic Radiance  Pois           2%         N/A       86%         4


Dungeon Overview and Level Annotations

Branches:
Dungeon (3/15)

Altars:
Cheibriados

Annotations:
D:3 Crazy Yiuf


Innate Abilities, Weirdness & Mutations

You have temporarily grown beastly horns and talons.
Your plain brown scales are hard. (AC +5)
You cannot fit into any form of body armour.
You are cold-blooded and may be slowed by cold attacks.


Message History

You grow a pair of large bovine horns.
Your feet morph into talons.
Crazy Yiuf laughs, "Citrus sing-song disdain!"
Crazy Yiuf misses you.
Press: ? - help, v - describe, . - travel The floor.
Casting: Beastly Appendage (safe; 4% risk of failure)
Confirm with . or Enter, or press ? or * to list all spells.
Your blood is infused with primal strength.
Crazy Yiuf misses you.
You hit Crazy Yiuf but do no damage. You claw Crazy Yiuf, but do no damage.
Your tail-slap misses Crazy Yiuf.
Crazy Yiuf hits you with a +3 quarterstaff of chaos.
You closely miss Crazy Yiuf. Your kick misses Crazy Yiuf.
Crazy Yiuf hits you with a +3 quarterstaff of chaos!
You are poisoned.
You hit Crazy Yiuf. Your kick misses Crazy Yiuf. You headbutt Crazy Yiuf!
You tail-slap Crazy Yiuf, but do no damage.
Crazy Yiuf is severely wounded.
You feel very sick.
Crazy Yiuf hits you with a +3 quarterstaff of chaos!
* * * LOW HITPOINT WARNING * * *
Crazy Yiuf burns you.
* * * LOW HITPOINT WARNING * * *
Really quaff the potion of haste?
This action would place you under penance!
Okay, then.
Unknown command.
You completely miss Crazy Yiuf. You claw Crazy Yiuf, but do no damage.
You headbutt Crazy Yiuf.
Your tail-slap misses Crazy Yiuf.
Crazy Yiuf is severely wounded.
* * * LOW HITPOINT WARNING * * *
You feel sick.
Crazy Yiuf hits you with a +3 quarterstaff of chaos.
* * * LOW HITPOINT WARNING * * *
You feel agile all of a sudden.
You closely miss Crazy Yiuf. Your kick misses Crazy Yiuf.
Crazy Yiuf is severely wounded.
* * * LOW HITPOINT WARNING * * *
You feel sick.
Crazy Yiuf hits you with a +3 quarterstaff of chaos.
You die...

######..........#####.........#
#......########## #########.##
#.####### ####..... #.# #.<#
#....#... ##.## #.## #########
#...###.# ♣♣♣♣♣### .#...##>##
### ♣♣♣.♣....## #.#..#...#
#...#♣..♣......## ##.#..#.##
#...g@♣♣♣♣......######
##......# #)..#♣♣ ♣♣P..........
#...#.## ### ♣♣##########
#......# ## #....(.# ######.
#......## ###### #......
#.......# #.##.# #.####.
####......########..#.# #.# ##
.......####...........# #.#####


You could see Crazy Yiuf.

Vanquished Creatures
  An orc priest (D:3)
  Terence (D:3)
  Natasha (twice) (D:3)
  2 adders
  2 worms
  5 orcs (D:3)
  4 bats
  5 endoplasms
  5 giant cockroaches
  7 goblins
  6 hobgoblins
  A quokka (D:2)
  3 ball pythons
  4 frilled lizards
  4 kobolds
  5 rats
57 creatures vanquished.

Vanquished Creatures (others)
  A fungus (D:3)
  A plant (D:1)
2 creatures vanquished.

Grand Total: 59 creatures vanquished

Notes
Turn   | Place    | Note
-------+----------+-------------------------------------------
     0 | D:1      | ducksouse the Draconian Transmuter began the quest for the
                  | Orb.
     0 | D:1      | Reached XP level 1. HP: 16/16 MP: 3/3
   285 | D:1      | Reached XP level 2. HP: 23/23 MP: 5/5
   852 | D:1      | Found a faded altar of an unknown god.
   855 | D:1      | Prayed at the altar of an unknown god.
   855 | D:1      | Became a worshipper of Cheibriados the Contemplative
   855 | D:1      | Reached * piety under Cheibriados
   925 | D:2      | HP: 1/23 [worm (9)]
  1349 | D:2      | Reached XP level 3. HP: 25/29 MP: 6/6
  1762 | D:2      | Reached ** piety under Cheibriados
  2447 | D:3      | Reached XP level 4. HP: 21/36 MP: 5/7
  2675 | D:3      | Found a runed translucent door.
  2676 | D:3      | Noticed Crazy Yiuf
  2789 | D:3      | Noticed Terence
  2817 | D:3      | Noticed Natasha
  2823 | D:3      | Killed Natasha
  2828 | D:3      | Killed Terence
  2829 | D:3      | Reached XP level 5. HP: 29/42 MP: 7/9
  2948 | D:3      | Noticed Natasha
  2956 | D:3      | Killed Natasha
  3458 | D:3      | Learned a level 2 spell: Wereblood
  3460 | D:3      | Learned a level 1 spell: Sting
  3467 | D:3      | HP: 1/42 [poisoned by Crazy Yiuf]
  3467 | D:3      | Slain by Crazy Yiuf

Illustrated notes

Levels and vault maps discovered:
D:1:      elethiomel_arrival_infinity_welcomes_careful_drivers, layout_basic,
          shapermc_ecumenical_altar_mp_urbaneastern
D:2:      layout_loops_corners
D:3:      layout_loops_ring, uniq_natasha, uniq_terence, uniq_crazy_yiuf_cottage

Skill      XL: |  1  2  3  4  5 |
---------------+----------------+-----
Dodging        | 2 |  2.7
Fighting       | 2 |  2.7
Transmutations | 3 |  3.1
Unarmed Combat | |  3.7
Spellcasting   | |  2.9

Action                   |  1- 3 |  4- 6 || total
-------------------------+-------+-------++-------
Melee: Unarmed           |    71 |       ||    71
       Tailslap          |    16 |     3 ||    19
       Dagger            |    52 |    42 ||    94
       Kick              |    15 |     9 ||    24
       Headbutt          |     5 |     8 ||    13
       Punch             |     1 |       ||     1
Throw: Javelin           |     9 |     1 ||    10
 Cast: Beastly Appendage |    15 |     5 ||    20
       Wereblood         |       |     1 ||     1
Invok: Bend Time         |       |     1 ||     1
  Use: Potion            |     1 |       ||     1
       Scroll            |       |     3 ||     3
 Stab: Sleeping          |       |     1 ||     1
Armor: Skin              |    39 |     9 ||    48
Dodge: Dodged            |    97 |    27 ||   124

Table legend: (Time is in decaauts)
 A = Elapsed time spent in this place.
 B = Non-inter-level travel time spent in this place.
 C = Inter-level travel time spent in this place.
 D = Time resting spent in this place.
 E = Time spent auto-exploring this place.
 F = Levels seen in this place.
 G = Mean time per level.
                   A        B        C        D        E       F      G
               +--------+--------+--------+--------+--------+-----+--------+
         Total |   4234 |   3986 |    248 |    194 |   2854 |   3 | 1411.3 |
       Dungeon |   4234 |   3986 |    248 |    194 |   2854 |   3 | 1411.3 |
               +--------+--------+--------+--------+--------+-----+--------+

Top non-repeatable levels by time:
     D:3: 1884 daAuts
     D:2: 1453 daAuts
     D:1: 896 daAuts
